 Dungeon Crawl Stone Soup version 0.30-a0-134-gb40fab5c76 (webtiles) character file.

Game seed: 4419048955928982453

39 bande the Trooper (level 3, -2/33 HPs)
             Began as a Hill Orc Fighter on Sept 20, 2022.
             Slain by a gnoll
             ... wielding a +0 club
              (4 damage)
             ... on level 1 of the Dungeon.
             The game lasted 00:01:20 (1440 turns).

bande the Trooper (Hill Orc Fighter)                Turns: 1440, Time: 00:01:21

Health: -2/33      AC:  7    Str: 18    XL:     3   Next: 45%
Magic:  3/3        EV:  9    Int:  8    God:
Gold:   55         SH:  4    Dex: 12    Spells: 2/2 levels left

rFire   . . .      SeeInvis .    a - +0 war axe
rCold   . . .      Faith    .    c - +0 buckler
rNeg    . . .      Spirit   .    b - +0 scale mail
rPois   .          Reflect  .    (no helmet)
rElec   .          Harm     .    (no cloak)
rCorr   .          Rampage  .    (no gloves)
Will    .....                    (no boots)
Stlth   ..........               (no amulet)
HPRegen 0.11/turn                (no ring)
MPRegen 0.08/turn                (no ring)

@: no status effects
A: no striking features
a: no special abilities


You were on level 1 of the Dungeon.
You visited 1 branch of the dungeon, and saw 2 of its levels.

You collected 55 gold pieces.

Inventory:

Hand Weapons
 a - a +0 war axe (weapon)
Armour
 b - a +0 scale mail (worn)
 c - a +0 buckler (worn)
Scrolls
 e - a scroll of magic mapping {unknown}
 g - a scroll of fog {unknown}
Potions
 d - a potion of might
 f - a potion of mutation {unknown}
 h - a potion of attraction {unknown}


   Skills:
 + Level 4.1 Fighting
 + Level 3.5 Axes
 + Level 3.7 Armour
 + Level 3.6 Shields


You had 2 spell levels left.
You didn't know any spells.
Your spell library was empty.

Dungeon Overview and Level Annotations

Branches:
Dungeon (2/15)

Altars:


Message History

The gnoll is moderately wounded.
You block the gnoll's attack.
You slash the gnoll!
You kill the gnoll!
No target in view!
No target in view!
No target in view!
No target in view!
You start resting.
You start resting.
HP restored.
Things that are here:
a +0 whip; a gnoll corpse
There is a stone staircase leading down here.
You climb downwards.
The gnoll hits you with a +0 club.
The gnoll hits you with a +0 flail. x2; The gnoll hits you with a +0 club.
There is a stone staircase leading up, spattered with blood here.
Unknown command.
You block the gnoll's attack. The gnoll hits you with a +0 flail.
The gnoll hits you but does no damage.
You climb upwards.
There is a stone staircase leading down here.
Unknown command.
You closely miss the gnoll. x2; The gnoll barely misses you.
The gnoll misses you.
You hit the gnoll but do no damage. You closely miss the gnoll.
You block the gnoll's attack. The gnoll closely misses you.
You closely miss the gnoll. x2; The gnoll hits you with a +0 flail.
The gnoll closely misses you. The gnoll barely misses you.
The gnoll hits you with a +0 club.
You closely miss the gnoll. You slash the gnoll!
The gnoll hits you with a +0 flail.
* * * LOW HITPOINT WARNING * * *
The gnoll barely misses you.
You hit the gnoll.
The gnoll is heavily wounded.
You hit the gnoll. The gnoll hits you with a +0 flail.
* * * LOW HITPOINT WARNING * * *
The gnoll hits you with a +0 club.
You die...

#...................#............
#.....#.............#............
#.....#..........................
..............................#..
...................[.....####...#
.........................####...#
..........[......................
.................................
..........)....g@)...............
.................g...............
................#....#...........
...........##+###....#...........
.....................#...........
.....................#...........
##....#......................#...
#...........................#...
##..............#................


You could see 2 gnolls.

Vanquished Creatures
  A gnoll (D:1)
  A worm (D:2)
  A dart slug (D:1)
  3 endoplasms (D:1)
  2 goblins
  4 hobgoblins (D:1)
  3 jackals (D:1)
  A quokka (D:1)
  3 bats
  2 frilled lizards (D:1)
  3 rats (D:1)
24 creatures vanquished.

Vanquished Creatures (others)
  A fungus (D:1)
  A plant (D:1)
2 creatures vanquished.

Grand Total: 26 creatures vanquished

Notes
Turn   | Place    | Note
-------+----------+-------------------------------------------
     0 | D:1      | bande the Hill Orc Fighter began the quest for the Orb.
     0 | D:1      | Reached XP level 1. HP: 19/19 MP: 1/1
   222 | D:1      | Reached XP level 2. HP: 27/27 MP: 2/2
   519 | D:1      | Found a faded altar of an unknown god.
   798 | D:1      | Reached skill level 4 in Fighting
   798 | D:1      | Reached XP level 3. HP: 33/33 MP: 3/3
  1440 | D:1      | Slain by a gnoll

Illustrated notes

Levels and vault maps discovered:
D:1:      kilobyte_arrival_exit_the_forest, layout_basic,
          shapermc_ecumenical_altar_acropolis
D:2:      layout_loops_corners

Skill      XL: |  1  2 |
---------------+-------+-----
Axes           | 3 |  3.5
Fighting       | 4 |  4.1
Armour         | |  3.7
Shields        | |  3.6

Action                   || total
-------------------------++-------
Melee: War axe           ||    57
Armor: Scale mail        ||    24
Dodge: Dodged            ||    24
Block: Buckler           ||    14

Table legend: (Time is in decaauts)
 A = Elapsed time spent in this place.
 B = Non-inter-level travel time spent in this place.
 C = Inter-level travel time spent in this place.
 D = Time resting spent in this place.
 E = Time spent auto-exploring this place.
 F = Levels seen in this place.
 G = Mean time per level.
                   A        B        C        D        E       F      G
               +--------+--------+--------+--------+--------+-----+--------+
         Total |   1475 |   1418 |     57 |    358 |    879 |   2 |  737.5 |
       Dungeon |   1475 |   1418 |     57 |    358 |    879 |   2 |  737.5 |
               +--------+--------+--------+--------+--------+-----+--------+

Top non-repeatable levels by time:
     D:1: 1264 daAuts
     D:2: 210 daAuts
